 Dungeon Crawl Stone Soup version 0.23-a0-295-g2e428d4 (webtiles) character file.

110 Amnesiac the Magician (level 4, 0/30 HPs)
             Began as a Mummy Wizard on Oct 4, 2018.
             Was an Initiate of Kikubaaqudgha.
             Slain by an adder skeleton (3 damage)
             ... on level 4 of the Dungeon.
             The game lasted 00:06:49 (1814 turns).

Amnesiac the Magician (Mummy Wizard)                Turns: 1814, Time: 00:06:49

Health: 0/30       AC:  5    Str: 10    XL:     4   Next: 61%
Magic:  0/12       EV: 12    Int: 18    God:    Kikubaaqudgha [......]
Gold:   97         SH:  0    Dex: 10    Spells: 5/16 levels left

rFire    x . .     SeeInvis +   h - -1 hunting sling (curse)
rCold    + . .     Gourm    .   (no shield)
rNeg     + + +     Faith    .   b - +0 robe
rPois    ∞         Spirit   .   (no helmet)
rElec    .         Reflect  .   (no cloak)
rCorr    .         Harm     .   (no gloves)
MR       .....                  e - +2 pair of boots
Stlth    ++........             (no amulet)
HPRegen  0.10/turn              d - ring of see invisible
MPRegen  0.13/turn              (no ring)

@: no status effects
A: no food or potions, fire vulnerability, cold resistance 1, negative energy
resistance 3, torment resistance, unbreathing
a: Renounce Religion


You were on level 4 of the Dungeon.
You worshipped Kikubaaqudgha.
Kikubaaqudgha was noncommittal.
You were not hungry.

You visited 2 branches of the dungeon, and saw 5 of its levels.

You collected 97 gold pieces.

Inventory:

Hand Weapons
 a - a +2 whip of venom
 h - a cursed -1 hunting sling (weapon)
Missiles
 i - 8 sling bullets (quivered)
 j - 36 stones
Armour
 b - a +0 robe (worn)
 e - a +2 pair of boots (worn)
Jewellery
 d - a ring of see invisible (left hand)
Scrolls
 c - a scroll of identify {!r}
 f - 3 scrolls of amnesia {!r}


   Skills:
 - Level 1.5 Dodging
 - Level 1.5 Stealth
 + Level 6.8 Spellcasting
 - Level 0.7 Conjurations
 - Level 0.7 Summonings
 - Level 0.7 Translocations


You had 5 spell levels left.
You knew the following spells:

 Your Spells              Type           Power        Failure   Level  Hunger
a - Magic Dart            Conj           #...         9%          1    N/A
b - Call Imp              Summ           #.......     12%         2    N/A
e - Mephitic Cloud        Conj/Pois/Air  #.......     30%         3    N/A
s - Conjure Flame         Conj/Fire      #.......     28%         3    N/A
v - Blink                 Tloc           N/A          12%         2    N/A

Your spell library contained the following spells:

 Spells                   Type           Power        Failure   Level  Hunger
 Slow                     Hex            #.......     17%         2    N/A

Dungeon Overview and Level Annotations

Branches:
Dungeon (4/15)             Temple (1/1) D:4

Altars:
Ashenzari
Cheibriados
Dithmenos
Elyvilon
Fedhas
Gozag
Kikubaaqudgha
Okawaru
Ru
Sif Muna
Vehumet
Wu Jian
Xom
Yredelemnul
Zin
The Shining One

Annotations:
D:4 Eustachio


Innate Abilities, Weirdness & Mutations

You do not eat or drink.
Your flesh is vulnerable to fire.
You are immune to poison.
Your flesh is cold resistant. (rC+)
You are immune to negative energy. (rN+++)
You are immune to unholy pain and torment.
You can survive without breathing.


Message History

Press: ? - help, Shift-Dir - straight line, f/p - ice beast
Aim: an ice beast (lightly wounded)
You shoot a sling bullet. The sling bullet hits the ice beast!
The ice beast is heavily wounded.
An adder skeleton comes into view.
The ice beast closely misses you.
Firing (i - inventory. (/) - cycle)
i - 9 sling bullets (quivered)
Press: ? - help, Shift-Dir - straight line, f/p - ice beast
Aim: an ice beast (heavily wounded)
Okay, then.
The scorpion barely misses your crimson imp.
Your crimson imp blinks!
The adder skeleton barely misses you.
Okay, then.
Firing (i - inventory. (/) - cycle)
i - 9 sling bullets (quivered)
Press: ? - help, Shift-Dir - straight line, f/p - ice beast
Aim: an ice beast (heavily wounded)
Okay, then.
Casting: Call Imp (safe; 12% risk of failure)
Confirm with . or Enter, or press ? or * to list all spells.
A beastly little devil appears in a puff of flame.
Eustachio shouts!
The ice beast misses you. The adder skeleton closely misses you.
What are your orders? t - Shout!
Orders for allies: a - Attack new target. p - Attack previous target. r - Retreat! s - Stop attacking. g - Guard the area. f - Follow me.
Anything else - Cancel.
Gang up on whom?
Press: ? - help, Dir - move target cursor, f - adder skeleton, p - ice beast
Aim: an adder skeleton Attack!
The ice beast hits you.
* * * LOW HITPOINT WARNING * * *
The ice beast freezes you. You resist.
* * * LOW HITPOINT WARNING * * *
The adder skeleton bites you but does no damage.
Unknown command.
Really read
g - a scroll of enchant weapon {!r}?
As you read the scroll of enchant weapon {!r}, it crumbles to dust.
Your +1 whip of venom glows red for a moment.
The ice beast barely misses you. The adder skeleton barely misses you.
Eustachio misses your crimson imp.
You can't unwield your weapon to draw a new one!
You can't unwield your weapon to draw a new one!
Really read
c - a scroll of identify {!r}?
You don't have any unidentified items.
Unknown command.
Put on which piece of jewellery? (? for menu, Esc to quit)
Okay, then.
Firing (i - inventory. (/) - cycle)
i - 9 sling bullets (quivered)
Press: ? - help, Shift-Dir - straight line, f/p - adder skeleton
Aim: an adder skeleton (heavily damaged) Really fire in your crimson imp's direction?
Okay, then.
Firing (i - inventory. (/) - cycle)
i - 9 sling bullets (quivered)
Press: ? - help, Shift-Dir - straight line, f/p - adder skeleton
Aim: an adder skeleton (heavily damaged)
You shoot a sling bullet.
The sling bullet hits the adder skeleton.
The adder skeleton is almost destroyed.
The ice beast closely misses you. The adder skeleton bites you.
You die...
Kikubaaqudgha rasps: "You have failed me!
Welcome... oblivion!"

............#####################
...♣.♣.♣.♣....sY.........Y.5.....
#<...._.......##################.
...♣.♣.♣.♣....... ........
..............### #######Y
##.#.♣.♣.#....# #.
..............# #.
##..#.##......##################.
...##........@5Z@YsW5.(...(((((..
#### .# ##....##################
.... ..... ...... .... ... ....
≈≈≈≈≈. ### #s.# ##. ≈####+ #..# #
#..# ### #..#### ... .....%


You could see Eustachio, a phantom, an ice beast, a scorpion, an adder skeleton
and 2 friendly crimson imps.

Vanquished Creatures
  A scorpion (D:4)
  Terence (D:1)
  3 adders
  An adder skeleton (D:4)
  A dart slug (D:3)
  A bat (D:3)
  3 giant cockroaches
  2 goblins
  2 hobgoblins
  A quokka (D:3)
  A frilled lizard (D:1)
  2 kobolds
  2 rats (D:2)
21 creatures vanquished.

Notes
Turn   | Place    | Note
-------+----------+-------------------------------------------
     0 | D:1      | Amnesiac the Mummy Wizard began the quest for the Orb.
     0 | D:1      | Reached XP level 1. HP: 13/13 MP: 5/5
   313 | D:2      | Noticed Terence
   337 | D:1      | Killed Terence
   337 | D:1      | Reached skill level 5 in Spellcasting
   337 | D:1      | Reached XP level 2. HP: 5/19 MP: 6/8
   347 | D:1      | Learned a level 2 spell: Blink
   350 | D:1      | Learned a level 2 spell: Call Imp
   575 | D:2      | Reached XP level 3. HP: 22/24 MP: 9/9
   580 | D:2      | Learned a level 3 spell: Conjure Flame
   584 | D:2      | Learned a level 3 spell: Mephitic Cloud
   703 | D:3      | Found a shattered altar of Ashenzari.
  1149 | D:3      | Reached skill level 6 in Spellcasting
  1520 | D:4      | Found an iron altar of Okawaru.
  1546 | D:4      | Found a staircase to the Ecumenical Temple.
  1547 | D:4      | Found a sacrificial altar of Ru.
  1552 | Temple   | Entered the Ecumenical Temple
  1636 | Temple   | Became a worshipper of Kikubaaqudgha
  1669 | D:4      | Noticed Eustachio
  1700 | D:4      | Noticed a scorpion
  1732 | D:4      | Reached XP level 4. HP: 23/30 MP: 0/12
  1739 | D:4      | Noticed an ice beast
  1773 | D:4      | Noticed a phantom
  1814 | D:4      | Slain by an adder skeleton

Vault maps used:
D:1:      minmay_arrival_three_doors
D:2:      st_stairs_6, uniq_terence
D:3:      cheibrodos_thug_alley, ashenzari_conservatory_becter, first_ration,
          grunt_ministairs_1, minmay_close_crescents
D:4:      overflow_temple_1_default, lightli_temple_of_fire,
          minmay_temple_entry_mist, hellmonk_ghost_happy_afterlife,
          gup_sewer_entry_glass, okawaru_trees_1, uniq_eustachio
Temple:   dpeg_chambers_temple

Skill      XL: |  1  2  3 |
---------------+----------+-----
Spellcasting   | 5 6 |  6.8
Dodging        | |  1.5
Stealth        | |  1.5
Conjurations   | |  0.7
Summonings     | |  0.7
Translocations | |  0.7

Action                   |  1- 3 |  4- 6 || total
-------------------------+-------+-------++-------
Melee: Whip              |    61 |       ||    61
 Fire: Hunting sling     |       |    13 ||    13
 Cast: Magic Dart        |    18 |     1 ||    19
       Call Imp          |     1 |     4 ||     5
       Mephitic Cloud    |     1 |     1 ||     2
  Use: Scroll            |     2 |     1 ||     3
Armor: Robe              |    31 |     9 ||    40
Dodge: Dodged            |    45 |    14 ||    59

Table legend:
 A = Non-vault XP
 B = Vault XP
 C = Vault XP percentage of total XP
 D = Non-vault monster count
 E = Vault monster count
 F = Vault count percentage of total count
                 A         B        C        D         E       F
            +---------+---------+-------+---------+---------+-------
      Total |     111 |      47 |  29.7 |      18 |       3 |  14.3
            +---------+---------+-------+---------+---------+-------
        D:1 |       8 |      32 |  80.0 |       5 |       1 |  16.7
        D:2 |       7 |       0 |   0.0 |       5 |       0 |   0.0
        D:3 |      23 |      15 |  39.5 |       5 |       2 |  28.6
        D:4 |      73 |       0 |   0.0 |       3 |       0 |   0.0
            +---------+---------+-------+---------+---------+-------
